 Dungeon Crawl Stone Soup version 0.23-a0-33-g1e3a2e4 (webtiles) character file.

10260 GroovyGamera the Grappler (level 11, 0/111 HPs)
             Began as a Troll Monk on Aug 4, 2018.
             Was an Elder of Makhleb.
             Slain by a harpy (9 damage)
             ... summoned by Kirke
             ... on level 11 of the Dungeon.
             The game lasted 00:42:47 (9607 turns).

GroovyGamera the Grappler (Troll Monk)              Turns: 9607, Time: 00:42:47

Health: 0/111      AC: 14    Str: 25 (26) XL:     11   Next: 33%
Magic:  15/15      EV: 14    Int:  6      God:    Makhleb [****..]
Gold:   678        SH:  0    Dex: 15      Spells: 10/10 levels left

rFire    . . .     SeeInvis .     - Unarmed
rCold    . . .     Gourm    +   (no shield)
rNeg     . . .     Faith    .   V - +0 troll leather armour
rPois    .         Spirit   .   (helmet restricted)
rElec    .         Reflect  .   C - +1 cloak
rCorr    .         Harm     .   (gloves unavailable)
MR       .....                  (boots unavailable)
Stlth    ++........             (no amulet)
HPRegen  1.08/turn              g - +2 ring of protection
MPRegen  0.14/turn              L - +3 ring of protection

@: mighty
A: large, unfitting armour, claws 3, deterioration 1, fast metabolism 3,
gourmand, regeneration 1, shaggy fur 1, tough skin 2
a: Minor Destruction, Lesser Servant of Makhleb, Major Destruction, Renounce
Religion


You were on level 11 of the Dungeon.
You worshipped Makhleb.
Makhleb was greatly pleased with you.
You were very full.

You visited 2 branches of the dungeon, and saw 13 of its levels.
You also visited: Ossuary.

You collected 678 gold pieces.

Inventory:

Hand Weapons
 e - a +4 falchion of holy wrath
 q - a +2 halberd of flaming
 r - a +0 hand crossbow of flaming
Missiles
 v - 86 bolts
 D - 5 large rocks (quivered)
Armour
 C - a +1 cloak (worn)
 E - a +0 shield
 V - a +0 troll leather armour (worn)
Jewellery
 g - a +2 ring of protection (left claw)
 s - an uncursed ring of positive energy
 I - an uncursed ring of fire
 L - a +3 ring of protection (right claw)
 X - the ring "Ograanawk" {Str+4 SInv}
   (You found it on level 9 of the Dungeon)

   [ring of see invisible]

   It affects your strength (+4).
   It lets you see invisible.
Wands
 w - a wand of digging (18)
 y - a wand of flame (54)
 z - a wand of disintegration (32)
 M - a wand of acid (8)
Scrolls
 c - a scroll of random uselessness {unknown}
 f - 2 scrolls of enchant weapon
 i - 3 scrolls of enchant armour
 j - 10 scrolls of teleportation
 l - a scroll of amnesia {unknown}
 m - a scroll of blinking {unknown}
 o - 3 scrolls of magic mapping
 p - a scroll of fear
 u - 2 scrolls of fog
 B - 8 scrolls of remove curse
 Q - a scroll of brand weapon {unknown}
 U - a scroll of identify
Potions
 a - 5 potions of lignification
 d - 3 potions of agility
 k - 3 potions of resistance
 n - 2 potions of brilliance
 t - 2 potions of mutation {unknown}
 x - 7 potions of curing
 J - a potion of magic {unknown}
 K - a potion of flight {unknown}
 N - a potion of might
 O - 2 potions of ambrosia {unknown}
 R - 2 potions of invisibility {unknown}
Comestibles
 b - 20 rations
 h - 10 chunks of flesh


   Skills:
 + Level 8.1 Fighting
 + Level 8.2 Dodging
 - Level 1.0 Stealth
 + Level 9.7 Unarmed Combat
 * Level 7.6 Invocations


You had 10 spell levels left.
You didn't know any spells.
Your spell library contained the following spells:

 Spells                   Type           Power        Failure   Level  Hunger
 Fireball                 Conj/Fire      #.........   100%        5    ######.
 Conjure Flame            Conj/Fire      #.......     86%         3    ####...
 Throw Flame              Conj/Fire      #.....       65%         2    ###....
 Animate Dead             Necr           N/A          99%         4    #####..
 Pain                     Necr           #...         50%         1    ##.....
 Animate Skeleton         Necr           N/A          50%         1    ##.....
 Vampiric Draining        Necr           #.........   86%         3    ####...
 Sticky Flame             Conj/Fire      #.......     99%         4    #####..
 Regeneration             Chrm/Necr      #.........   86%         3    ####...
 Flame Tongue             Conj/Fire      #....        50%         1    ##.....
 Inner Flame              Hex/Fire       #.......     86%         3    ####...


Dungeon Overview and Level Annotations

Branches:
Dungeon (12/15)            Temple (1/1) D:6            Lair (0/6) D:9
    Orc (0/2) D:11

Altars:
Ashenzari
Cheibriados
Dithmenos
Elyvilon
Fedhas
Gozag
Hepliaklqana
Kikubaaqudgha
Makhleb
Nemelex Xobeh
Okawaru
Qazlal
Ru
Sif Muna
Trog
Uskayaw
Vehumet
Wu Jian
Xom
Yredelemnul
Zin
The Shining One
Beogh

Shops:
D:9 *

Portals:
Trove: D:10 (show slimy rune of Zot)

Annotations:
D:11 Kirke


Innate Abilities, Weirdness & Mutations

You are too large for most types of armour.
You have claws for hands.
Your metabolism is lightning-fast.
You like to eat raw meat.
Your natural rate of healing is unusually fast.
You are covered in fur. (AC +1)
You have very tough skin. (AC +2)
Your body sometimes deteriorates upon taking damage.


Message History

You eviscerate Kirke!!!
Kirke is heavily wounded.
The harpy claws you but does no damage. x2; The harpy claws you!
* * * LOW HITPOINT WARNING * * *
The harpy claws you but does no damage. The harpy misses you. x2
Kirke hits you but does no damage. The hog bites you but does no damage.
You mangle Kirke!!
Kirke is severely wounded.
The harpy misses you. The harpy claws you but does no damage.
The harpy closely misses you. The harpy claws you but does no damage.
The manticore barely misses you. The manticore claws you.
* * * LOW HITPOINT WARNING * * *
The manticore completely misses you. The hog bites you.
* * * LOW HITPOINT WARNING * * *
Kirke hits you!
* * * LOW HITPOINT WARNING * * *
You mangle Kirke!!
Kirke is almost dead.
The harpy claws you!
You die...

.....รท.[..##........#### #....
..........########'## #....
##.######## ###.# ###.# #.##
#...# #.. #..# ##'###### ##.
##'#### #.......### #. #.....#
#.......'.### ####'
#.....########.......#...###....
#.....'.....##h@H....###...'....
#.....#####.##H@H....# #####....
#.....# #..'...^...# #....
#.....# ####.......# #....
#.....# #.......# ##### #.....#
#.......# ###..## ####'####
##..###### #..# #........# #.##


You could see Kirke, a manticore, 2 harpies and a hog.

Vanquished Creatures
  A two-headed ogre (D:9)
  Pikel (D:5)
  A manticore (D:11)
  3 trolls (D:10)
  Grinder (D:3)
  2 shadows
  A wyvern (D:10)
  Sigmund (D:5)
  6 yaks (D:9)
  2 hogs (D:11)
  Grum (D:8)
  2 hungry ghosts (D:7)
  2 vampire mosquitoes (D:12)
  Menkaure (D:5)
  4 orc warriors
  2 ice beasts
  Purgy (D:3)
  2 sky beasts
  An ogre (D:7)
  A hornet zombie (D:3)
  5 phantoms
  4 wolves (D:8)
  4 centaurs
  A big kobold (D:11)
  2 gnoll sergeants
  2 bullfrogs
  A wyvern zombie (D:11)
  A water moccasin skeleton (D:9)
  11 scorpions
  8 wights
  3 howler monkeys (D:11)
  A centaur zombie (Ossuary)
  2 human zombies (Ossuary)
  A jelly (D:9)
  3 orc wizards
  3 bullfrog skeletons
  A centaur skeleton (D:5)
  2 gnoll shamans
  7 orc priests
  2 hounds
  Ijyb (D:3)
  An iguana (D:4)
  8 worker ants
  A killer bee zombie (D:10)
  2 big kobold zombies (Ossuary)
  2 hound zombies
  2 hound skeletons
  3 mummies (Ossuary)
  A howler monkey zombie (D:5)
  3 worker ant zombies
  A howler monkey skeleton (D:9)
  13 adders
  17 gnolls
  4 scorpion zombies (Ossuary)
  3 shadow imps
  2 adder skeletons
  4 worms
  3 leopard geckos
  26 orcs
  7 giant cockroaches
  6 gnoll zombies
  10 goblins
  13 hobgoblins
  7 jackals
  9 kobolds
  3 quokkas
  A ball python (D:1)
  8 bats
  10 frilled lizards
  3 goblin zombies (Ossuary)
  3 hobgoblin zombies (Ossuary)
  A jackal zombie (D:7)
  2 kobold zombies (Ossuary)
  A quokka zombie (D:4)
  5 rats
286 creatures vanquished.

Vanquished Creatures (collateral kills)
  The ghost of Vlans the Destroyer, a journeyman DECj of Vehumet (D:10)
1 creature vanquished.

Grand Total: 287 creatures vanquished

Notes
Turn   | Place    | Note
-------+----------+-------------------------------------------
     0 | D:1      | GroovyGamera the Troll Monk began the quest for the Orb.
     0 | D:1      | Reached XP level 1. HP: 22/22 MP: 0/0
   137 | D:1      | Reached XP level 2. HP: 29/29 MP: 1/1
   439 | D:1      | Reached XP level 3. HP: 34/36 MP: 2/2
  1276 | D:3      | Noticed Grinder
  1337 | D:3      | Reached XP level 4. HP: 45/45 MP: 3/3
  1356 | D:3      | Reached skill level 4 in Unarmed Combat
  1508 | D:3      | Killed Grinder
  1508 | D:3      | Reached XP level 5. HP: 27/54 MP: 4/4
  1508 | D:3      | Reached XP level 6. HP: 31/62 MP: 5/5
  1652 | D:3      | Noticed Ijyb
  1673 | D:3      | Killed Ijyb
  1673 | D:3      | Reached skill level 5 in Unarmed Combat
  1813 | D:3      | Found a white marble altar of Elyvilon.
  1876 | D:3      | Noticed Purgy
  1898 | D:3      | Killed Purgy
  1898 | D:3      | Reached XP level 7. HP: 62/71 MP: 6/6
  2277 | D:4      | Found a roughly hewn altar of Beogh.
  2568 | D:4      | Reached skill level 6 in Unarmed Combat
  2684 | D:4      | Reached skill level 5 in Dodging
  2970 | D:5      | Entered Level 5 of the Dungeon
  2988 | D:5      | Reached skill level 5 in Fighting
  2989 | D:5      | Noticed Sigmund
  3073 | D:5      | Reached XP level 8. HP: 66/80 MP: 7/7
  3106 | D:5      | Noticed Menkaure
  3113 | D:5      | Killed Menkaure
  3245 | D:5      | Found a blossoming altar of Fedhas.
  3271 | D:5      | Noticed Pikel
  3285 | D:5      | Killed Pikel
  3285 | D:5      | Reached skill level 7 in Unarmed Combat
  3710 | D:5      | Killed Sigmund
  3813 | D:6      | Found a snail-covered altar of Cheibriados.
  3834 | D:6      | Found a transporter.
  3836 | D:6      | Noticed a kobold demonologist
  3855 | D:6      | Reached XP level 9. HP: 86/89 MP: 8/8
  3867 | D:6      | Found a transporter.
  3923 | D:6      | Found a hide-covered altar of Uskayaw.
  4154 | D:6      | Found a staircase to the Ecumenical Temple.
  4164 | Temple   | Entered the Ecumenical Temple
  4295 | Temple   | Became a worshipper of Makhleb the Destroyer
  4295 | Temple   | Reached * piety under Makhleb
  4295 | Temple   | Reached ** piety under Makhleb
  4770 | D:6      | Noticed an orange demon
  4771 | D:6      | Gained mutation: Your body sometimes deteriorates upon taking damage. [a neqoxec]
  5057 | D:7      | Reached skill level 1 in Invocations
  5351 | D:7      | Reached skill level 8 in Unarmed Combat
  5511 | D:7      | Found an ornate altar of the Wu Jian Council.
  5665 | D:8      | Noticed Grum
  5681 | D:8      | Killed Grum
  5784 | D:8      | Found a sand-covered staircase.
  5794 | Ossuary  | Entered an ossuary
  5968 | Ossuary  | Reached *** piety under Makhleb
  6044 | Ossuary  | Reached XP level 10. HP: 80/102 MP: 12/12
  6460 | D:8      | Found a deep blue altar of Sif Muna.
  6764 | D:9      | Reached skill level 5 in Invocations
  6907 | D:9      | Reached **** piety under Makhleb
  6991 | D:9      | Noticed a two-headed ogre
  6998 | D:9      | Killed a two-headed ogre
  6998 | D:9      | Reached skill level 9 in Unarmed Combat
  7027 | D:9      | Found Wietik's General Store.
  7081 | D:9      | Found an ancient bone altar of Kikubaaqudgha.
  7099 | D:9      | Found a staircase to the Lair.
  7342 | D:9      | Got a vibrating lapis lazuli ring
  7477 | D:9      | Found a basalt altar of Yredelemnul.
  7520 | D:9      | Identified the ring "Ograanawk" {Str+4 SInv} (You found it on level 9 of the Dungeon)
  7538 | D:10     | Entered Level 10 of the Dungeon
  7844 | D:10     | Found a runed gate.
  7844 | D:10     | Found a runed gate.
  7844 | D:10     | Found a runed gate.
  7844 | D:10     | Noticed Vlans's ghost (journeyman DECj)
  8325 | D:10     | Found a portal to a secret trove of treasure.
  8543 | D:10     | Killed Vlans's ghost
  8543 | D:10     | Reached XP level 11. HP: 92/111 MP: 15/15
  8841 | D:11     | Found a staircase to the Orcish Mines.
  9417 | D:11     | Identified 2 scrolls of acquirement
  9495 | D:12     | Noticed a deep elf mage
  9553 | D:12     | Noticed Kirke
  9604 | D:11     | Noticed a harpy
  9604 | D:11     | Noticed a harpy
  9607 | D:11     | Slain by a harpy

Vault maps used:
D:1:      dpeg_arrival_simpleton_c
D:2:      first_ration, kennysheep_generic_room_10
D:3:      lemuel_doored_altar, serial_bayou_lagoon_b, uniq_grinder, uniq_ijyb,
          uniq_purgy
D:4:      minmay_thick_lines, kennysheep_orc_chapel
D:5:      nicolae_overflow_crystal_walls, uniq_sigmund, uniq_pikel,
          uniq_menkaure
D:6:      gammafunk_wand_slinger, lemuel_crystal_altar,
          minmay_temple_entry_statues_pillars, basic_altar, minmay_small_thing
D:7:      basic_altar
D:8:      lemuel_blue_sif_altar, lightli_ossuary_entry_decrepit_ruins, uniq_grum
D:9:      lemuel_zombie_altar_yredelemnul, kiku_gazebo_pond_becter,
          lair_entry_dummy, serial_shops, shop
D:10:     ebering_ghost_rock_garden, enter_trove_3
D:11:     david_orc_2
D:12:     serial_shops, shop, grunt_tengu_nest, uniq_azrael, uniq_kirke
Temple:   nicolae_temple_elliptical
Ossuary:  ossuary_minmay_scorpions

Skill      XL: |  1  2  3  4  5  6  7  8  9 10 11 |
---------------+----------------------------------+-----
Fighting       | 3 4 5 6 7 8 |  8.1
Dodging        | 3 4 5 6 7 8 |  8.2
Unarmed Combat | 4 5 6 7 8 9 |  9.7
Invocations    | 4 6 7 |  7.6
Stealth        | |  1.0

Action                   |  1- 3 |  4- 6 |  7- 9 | 10-12 || total
-------------------------+-------+-------+-------+-------++-------
Melee: Unarmed           |   101 |    87 |   363 |   428 ||   979
       Punch             |     1 |     2 |     9 |    23 ||    35
 Fire: Hand crossbow     |       |     6 |    11 |     3 ||    20
Throw: Javelin           |       |    10 |    15 |       ||    25
       Throwing net      |       |       |     2 |       ||     2
Invok: Minor Destruction |       |       |     3 |       ||     3
       Lesser Servant of |       |       |       |     1 ||     1
  Use: Scroll            |     2 |       |    11 |    10 ||    23
       Potion            |       |       |     2 |     6 ||     8
 Stab: Sleeping          |     5 |     1 |     4 |     2 ||    12
  Eat: Chunk             |    18 |     5 |    51 |    35 ||   109
Armor: Robe              |    39 |    41 |   100 |    57 ||   237
       Troll leather arm |       |       |       |    82 ||    82
Dodge: Dodged            |    48 |    53 |   206 |   283 ||   590

Table legend:
 A = Spawn XP
 B = Non-spawn XP
 C = Spawn XP percentage of total XP
 D = Spawn monster count
 E = Non-spawn monster count
 F = Spawn count percentage of total count
 G = Total turns spent on level
                    A         B        C        D         E        F      G
               +---------+---------+-------+---------+---------+-------+---------
         Total |       0 |   14658 |   0.0 |       0 |     287 |   0.0 |  9607
               +---------+---------+-------+---------+---------+-------+---------
           D:1 |       0 |      43 |   0.0 |       0 |      26 |   0.0 |   592
           D:2 |       0 |      46 |   0.0 |       0 |      17 |   0.0 |   740
           D:3 |       0 |     728 |   0.0 |       0 |      34 |   0.0 |   829
           D:4 |       0 |     520 |   0.0 |       0 |      22 |   0.0 |   809
           D:5 |       0 |    1286 |   0.0 |       0 |      12 |   0.0 |   843
           D:6 |       0 |     763 |   0.0 |       0 |      22 |   0.0 |   917
           D:7 |       0 |     910 |   0.0 |       0 |      21 |   0.0 |   767
           D:8 |       0 |    1054 |   0.0 |       0 |      22 |   0.0 |   593
           D:9 |       0 |    2944 |   0.0 |       0 |      23 |   0.0 |   804
          D:10 |       0 |    2851 |   0.0 |       0 |      21 |   0.0 |  1138
          D:11 |       0 |    2236 |   0.0 |       0 |      33 |   0.0 |   899
          D:12 |       0 |     487 |   0.0 |       0 |       3 |   0.0 |    32
       Ossuary |       0 |     790 |   0.0 |       0 |      31 |   0.0 |   483
               +---------+---------+-------+---------+---------+-------+---------
